 Dungeon Crawl Stone Soup version 0.28-a0-823-gb444dcf96d (webtiles) character file.

Game seed: 17047455527730561704

39 ytrimaz the Firebug (level 3, -1/26 HPs)
             Began as a Demigod Fire Elementalist on Nov 10, 2021.
             Slain by a goblin (6 damage)
             ... led by Robin
             ... on level 2 of the Dungeon.
             The game lasted 00:02:47 (1601 turns).

ytrimaz the Firebug (Demigod Fire Elementalist)     Turns: 1601, Time: 00:02:47

Health: -1/26      AC:  2    Str:  9    XL:     3   Next: 11%
Magic:  1/8        EV: 12    Int: 21    God:
Gold:   12         SH:  0    Dex: 14    Spells: 5/6 levels left

rFire   . . .      SeeInvis .   (no weapon)
rCold   . . .      Faith    .   (no shield)
rNeg    . . .      Spirit   .   a - +0 robe
rPois   .          Reflect  .   (no helmet)
rElec   .          Harm     .   (no cloak)
rCorr   .          Rampage  .   (no gloves)
Will    .....                   (no boots)
Stlth   ++........              (no amulet)
HPRegen 0.08/turn               (no ring)
MPRegen 0.11/turn               (no ring)

@: no status effects
A: high mp 1, forlorn
a: no special abilities


You were on level 2 of the Dungeon.
You visited 1 branch of the dungeon, and saw 2 of its levels.

You collected 12 gold pieces.

Inventory:

Armour
 a - a +0 robe (worn)
 h - a +0 plate armour
Scrolls
 b - a scroll of identify {unknown}
 c - a scroll of brand weapon {unknown}
 d - 2 scrolls of teleportation {unknown}
 g - a scroll of blinking {unknown}
 i - a scroll of silence {unknown}
Potions
 e - a potion of curing {unknown}
 f - a potion of lignification {unknown}


   Skills:
 - Level 1.8 Dodging
 - Level 1.7 Stealth
 + Level 2.1 Spellcasting
 * Level 1.7 Conjurations
 + Level 3.2 Fire Magic


You had 5 spell levels left.
You knew the following spells:

 Your Spells              Type           Power      Damage    Failure   Level
a - Foxfire               Conj/Fire      48%        2x1d6     5%          1

Your spell library contained the following spells:

 Spells                   Type           Power      Damage    Failure   Level
 Scorch                   Fire           32%        2d7       6%          2
 Conjure Flame            Conj/Fire      12%        6-21      16%         3
 Inner Flame              Hex/Fire       9%         N/A       22%         3
 Ozocubu's Armour         Ice            2%         N/A       41%         3
 Flame Wave               Conj/Fire      12%        3d4       45%         4
 Ozocubu's Refrigeration  Ice            1%         4d5       100%        7


Dungeon Overview and Level Annotations

Branches:
Dungeon (2/15)

Annotations:
D:2 Robin


Innate Abilities, Weirdness & Mutations

Your attributes grow dramatically as you level up.
You have an increased reservoir of magic. (+10% MP)
You shall have no god before yourself.


Message History

Your foxfire dissipates!
The foxfire hits Robin but does no damage.
Robin is severely wounded.
You conjure some foxfire!
The foxfire hits Robin but does no damage.
Robin is severely wounded.
Robin throws the goblin at you!
The foxfire hits Robin.
Robin is severely wounded.
You conjure some foxfire!
The goblin hits you with a +0 dagger.
The foxfire hits the goblin.
The goblin is moderately wounded.
The foxfire hits the goblin.
The goblin is severely wounded.
The goblin hits you with a +0 dagger. The goblin hits you with a +0 dagger.
Robin roars a battlecry!
You hear a shout!
You conjure some foxfire!
The goblin hits you with a +0 dagger.
Your foxfire dissipates!
The foxfire hits the goblin.
You kill the goblin! 5 goblins come into view.
The goblin shouts!
Robin throws the goblin at you! The goblin hits you but does no damage.
You are too injured to fight recklessly!
The goblin shouts!
You hit the goblin.
The goblin is heavily wounded.
Robin roars a battlecry!
The goblin goes into a battle-frenzy!
The goblin closely misses you.
You barely miss the goblin.
The goblin is heavily wounded.
Robin throws the goblin at you! The goblin hits you with a +0 dagger.
The goblin hits you with a +0 club.
* * * LOW HITPOINT WARNING * * *
You closely miss the goblin.
Robin says, "My goblins will feast on your bones."
Robin throws the goblin at you! The goblin hits you with a +0 club.
You die...

..................#.#
#.....†...........#.#
..#...............#.#
.##......<........#.#######
###...............#..#.)..#
###....†..<.......##.#....#
..........................#
#...<.....#....g####.#....#
......#.....##.g@# #.#....#
..#.....#####..#g# #.######
......### ##.##.###.#
#.....## #..##.g##.#
........ ##...g#....#
...####.###....g###g.# ...
#.........###..#
#...#..........#).#
#..))...g.........#


You could see Robin and 5 goblins.

Vanquished Creatures
  An adder (D:2)
  5 endoplasms
  A giant cockroach (D:2)
  A hobgoblin (D:1)
  A quokka (D:2)
  5 ball pythons
  3 bats (D:1)
  A frilled lizard (D:2)
  5 goblins
  3 kobolds (D:1)
26 creatures vanquished.

Vanquished Creatures (others)
  87 foxfires
87 creatures vanquished.

Grand Total: 113 creatures vanquished

Notes
Turn   | Place    | Note
-------+----------+-------------------------------------------
     0 | D:1      | ytrimaz the Demigod Fire Elementalist began the quest for
                  | the Orb.
     0 | D:1      | Reached XP level 1. HP: 14/14 MP: 5/5
    10 | D:1      | Noticed an electric eel
   596 | D:1      | Reached skill level 1 in Conjurations
   596 | D:1      | Reached skill level 3 in Fire Magic
   848 | D:1      | Reached XP level 2. HP: 20/20 MP: 2/7
  1534 | D:2      | Reached XP level 3. HP: 26/26 MP: 5/8
  1572 | D:2      | Noticed Robin
  1601 | D:2      | Slain by a goblin

Illustrated notes

Levels and vault maps discovered:
D:1:      arrival_aquarium_a, layout_loops_ring
D:2:      layout_rooms, uniq_robin

Skill      XL: |  1  2 |
---------------+-------+-----
Conjurations   | 1 |  1.7
Fire Magic     | 3 |  3.2
Spellcasting   | 2 |  2.1
Dodging        | |  1.8
Stealth        | |  1.7

Action                   || total
-------------------------++-------
Melee: Unarmed           ||     8
 Cast: Foxfire           ||    70
Armor: Robe              ||     9
Dodge: Dodged            ||    17

Table legend: (Time is in decaauts)
 A = Elapsed time spent in this place.
 B = Non-inter-level travel time spent in this place.
 C = Inter-level travel time spent in this place.
 D = Time resting spent in this place.
 E = Time spent auto-exploring this place.
 F = Levels seen in this place.
 G = Mean time per level.
                   A        B        C        D        E       F      G
               +--------+--------+--------+--------+--------+-----+--------+
         Total |   1600 |   1587 |     13 |     81 |   1234 |   2 |  800.0 |
       Dungeon |   1600 |   1587 |     13 |     81 |   1234 |   2 |  800.0 |
               +--------+--------+--------+--------+--------+-----+--------+

Top non-repeatable levels by time:
     D:1: 1263 daAuts
     D:2: 337 daAuts
